 Dungeon Crawl Stone Soup version 0.23-a0-175-g97aacdb (webtiles) character file.

1985 corax the Magician (level 9, -3/62 HPs)
             Began as a Mummy Fire Elementalist on Sept 13, 2018.
             Was an Initiate of Qazlal.
             Slain by an orc warrior
             ... wielding a +0 trident
              (19 damage)
             ... on level 7 of the Dungeon on Sept 16, 2018.
             The game lasted 00:45:43 (8156 turns).

corax the Magician (Mummy Fire Elementalist)        Turns: 8156, Time: 00:45:43

Health: -3/62      AC:  4    Str: 12    XL:     9   Next: 1%
Magic:  9/19       EV: 13    Int: 17    God:    Qazlal [......]
Gold:   348        SH:  0    Dex: 12    Spells: 16/22 levels left

rFire    . . .     SeeInvis .   a - +6 long sword of Lusmed {venom, Stlth+}
rCold    + . .     Gourm    .   (no shield)
rNeg     + + +     Faith    .   m - +0 robe
rPois    ∞         Spirit   .   (no helmet)
rElec    .         Reflect  .   j - +0 cloak
rCorr    .         Harm     .   p - +0 pair of gloves
MR       +....                  (no boots)
Stlth    +++.......             c - amulet of regeneration
HPRegen  0.60/turn              d - ring of protection from fire
MPRegen  0.16/turn              (no ring)

@: no status effects
A: no food or potions, fire vulnerability, cold resistance 1, negative energy
resistance 3, torment resistance, unbreathing
a: Renounce Religion


You were on level 7 of the Dungeon.
You worshipped Qazlal.
Qazlal was noncommittal.
You were not hungry.

You visited 2 branches of the dungeon, and saw 8 of its levels.

You collected 348 gold pieces.

Inventory:

Hand Weapons
 a - the +6 long sword of Lusmed (weapon) {venom, Stlth+}
   (You found it on level 7 of the Dungeon)

   It poisons the flesh of those it strikes.
   It makes you more stealthy.
 i - a +4 quarterstaff of chaos
Armour
 j - a +0 cloak (worn)
 m - a +0 robe (worn)
 p - a +0 pair of gloves (worn)
 r - the +1 leather armour of the Butterfly {*Contam rElec rN+}
   (You found it on level 7 of the Dungeon)

   It insulates you from electricity.
   It protects you from negative energy.
   It causes magical contamination when unequipped.
Jewellery
 c - an amulet of regeneration (around neck)
 d - a ring of protection from fire (left hand)
 h - an uncursed amulet of harm
Wands
 e - a wand of flame (31)
 k - a wand of clouds (3)
 n - a wand of paralysis (13)
 o - a wand of random effects (49)
Scrolls
 b - 2 scrolls of teleportation
 f - 3 scrolls of remove curse
 g - a scroll of identify
 l - 2 scrolls of fear
 q - a scroll of amnesia


   Skills:
 + Level 2.9 Fighting
 * Level 0.5 Long Blades
 - Level 4.0 Staves
 + Level 2.9 Dodging
 + Level 2.6 Stealth
 + Level 0.6 Unarmed Combat
 + Level 7.0 Spellcasting
 + Level 4.2 Conjurations
 + Level 5.0 Fire Magic


You had 16 spell levels left.
You knew the following spells:

 Your Spells              Type           Power        Failure   Level  Hunger
a - Flame Tongue          Conj/Fire      ###..        1%          1    N/A
b - Throw Flame           Conj/Fire      ###...       2%          2    N/A
c - Conjure Flame         Conj/Fire      ###.....     5%          3    N/A

Your spell library contained the following spells:

 Spells                   Type           Power        Failure   Level  Hunger
 Inner Flame              Hex/Fire       ##......     12%         3    N/A
 Sticks to Snakes         Tmut           #.......     17%         2    N/A
 Sticky Flame             Conj/Fire      ###.....     17%         4    N/A
 Fireball                 Conj/Fire      ###.......   43%         5    N/A
 Beastly Appendage        Tmut           Unusable     N/A         1    N/A
 Spider Form              Tmut/Pois      Unusable     N/A         3    N/A
 Ice Form                 Ice/Tmut       Unusable     N/A         4    N/A
 Blade Hands              Tmut           Unusable     N/A         5    N/A

Dungeon Overview and Level Annotations

Branches:
Dungeon (7/15)             Temple (1/1) D:5

Altars:
Cheibriados
Dithmenos
Elyvilon
Fedhas
Gozag
Makhleb
Nemelex Xobeh
Okawaru
Qazlal
Ru
Sif Muna
Trog
Uskayaw
Vehumet
Wu Jian
Yredelemnul
Zin
The Shining One


Innate Abilities, Weirdness & Mutations

You do not eat or drink.
Your flesh is vulnerable to fire.
You are immune to poison.
Your flesh is cold resistant. (rC+)
You are immune to negative energy. (rN+++)
You are immune to unholy pain and torment.
You can survive without breathing.


Message History

The flame tongue hits the orc warrior.
The orc warrior is severely wounded.
The orc warrior barely misses you.
Casting: Flame Tongue (safe; 1% risk of failure)
Confirm with . or Enter, or press ? or * to list all spells.
Aiming: Flame Tongue (safe; 1% risk of failure)
Press: ? - help, Shift-Dir - straight line, f/p - orc warrior
Aim: an orc warrior, wielding a trident and wearing a glowing chain mail The flame tongue hits the orc warrior.
The orc warrior appears unharmed.
The orc warrior is severely wounded.
The orc warrior hits you from afar with a trident!
* * * LOW HITPOINT WARNING * * *
Casting: Flame Tongue (safe; 1% risk of failure)
Confirm with . or Enter, or press ? or * to list all spells.
Aiming: Flame Tongue (safe; 1% risk of failure)
Press: ? - help, Shift-Dir - straight line, f/p - orc warrior
Aim: an orc warrior, wielding a trident and wearing a glowing chain mail The flame tongue misses the orc warrior.
The orc warrior hits you from afar with a trident!!
You die...

#..######.#.....#...##...#....#
#..######.##....#...##..%#....#
...........'....'........#....#
...........#....#........#....#
...........#....#...##..##....###
(...)......#....#...##..###'###..
....).((.(.#...o#............#...
#..##.###.##....######.......#...
#..######.#.....@....#.......#...
#.....'.÷.#..........#.......#...
......#...#.......<.!#.......#...
......#...#..........#.......#...
#...####..#..........#.......'...
########).######.....#.......#...
#..[..(.# #.(...#.......#...
#.......# #.....#..##..##...
#.......# #.....#..######...


You could see an orc warrior.

Vanquished Creatures
  A hungry ghost (D:7)
  A water moccasin (D:5)
  A sky beast (D:5)
  2 ogres
  A phantom (D:6)
  2 centaurs
  A big kobold (D:7)
  A killer bee (D:5)
  3 howler monkeys
  2 crimson imps
  A bullfrog zombie (D:5)
  A bullfrog skeleton (D:4)
  3 orc priests
  Crazy Yiuf (D:2)
  2 hounds
  3 jellies
  An orc wizard (D:3)
  Natasha (D:4)
  3 iguanas
  2 worker ants (D:5)
  Terence (D:3)
  A worker ant zombie (D:6)
  11 adders
  3 gnolls (D:6)
  A howler monkey skeleton (D:6)
  3 shadow imps
  An ooze (D:5)
  An adder zombie (D:5)
  2 worms
  2 dart slugs (D:5)
  A leopard gecko (D:5)
  13 orcs
  9 giant cockroaches
  8 goblins
  12 hobgoblins
  8 jackals
  3 quokkas
  7 bats
  6 frilled lizards
  10 kobolds
  9 rats
145 creatures vanquished.

Vanquished Creatures (collateral kills)
  Eustachio (D:5)
1 creature vanquished.

Vanquished Creatures (others)
  An orc (D:5)
1 creature vanquished.

Grand Total: 147 creatures vanquished

Notes
Turn   | Place    | Note
-------+----------+-------------------------------------------
     0 | D:1      | corax the Mummy Fire Elementalist began the quest for the
                  | Orb.
     0 | D:1      | Reached XP level 1. HP: 13/13 MP: 4/4
   428 | D:1      | Reached XP level 2. HP: 7/19 MP: 0/5
   638 | D:1      | Reached skill level 3 in Spellcasting
  1110 | D:2      | Reached skill level 1 in Conjurations
  1164 | D:2      | Reached XP level 3. HP: 22/24 MP: 3/7
  1166 | D:2      | Found a white marble altar of Elyvilon.
  1752 | D:2      | Reached XP level 4. HP: 30/30 MP: 1/9
  1775 | D:2      | Found a burning altar of Makhleb.
  1779 | D:2      | Found a glowing silver altar of Zin.
  1779 | D:2      | Noticed an angel
  1779 | D:2      | Noticed a balrug
  2250 | D:2      | Found a runed door.
  2254 | D:2      | Noticed Crazy Yiuf
  2264 | D:2      | Killed Crazy Yiuf
  2579 | D:3      | Learned a level 2 spell: Throw Flame
  2583 | D:3      | Learned a level 3 spell: Conjure Flame
  2746 | D:3      | Noticed Terence
  2753 | D:3      | Killed Terence
  2753 | D:3      | Reached XP level 5. HP: 36/36 MP: 0/10
  3148 | D:3      | Found a glowing golden altar of the Shining One.
  3193 | D:3      | Found a snail-covered altar of Cheibriados.
  3368 | D:3      | Reached skill level 4 in Spellcasting
  3674 | D:4      | Reached skill level 1 in Staves
  4219 | D:4      | Found a deep blue altar of Sif Muna.
  4351 | D:4      | Reached XP level 6. HP: 42/42 MP: 4/12
  4413 | D:4      | Reached skill level 1 in Fighting
  4585 | D:4      | Found an iron altar of Okawaru.
  4648 | D:4      | Noticed Natasha
  4653 | D:4      | Killed Natasha
  4901 | D:5      | Entered Level 5 of the Dungeon
  5238 | D:5      | Noticed a water moccasin
  5250 | D:5      | Killed a water moccasin
  5250 | D:5      | Reached skill level 5 in Spellcasting
  5250 | D:5      | Reached XP level 7. HP: 48/48 MP: 1/14
  5309 | D:5      | Upgraded the game from 0.23-a0-171-g5ae17c6 to
                  | 0.23-a0-175-g97aacdb
  5614 | D:5      | Noticed Eustachio
  5628 | D:5      | Killed Eustachio
  5661 | D:5      | Reached skill level 6 in Spellcasting
  5818 | D:5      | Reached XP level 8. HP: 56/56 MP: 5/17
  6141 | D:5      | Found a staircase to the Ecumenical Temple.
  6168 | Temple   | Entered the Ecumenical Temple
  6377 | Temple   | Became a worshipper of Qazlal Stormbringer
  7759 | D:7      | Got a polished long sword
  7766 | D:7      | Reached skill level 7 in Spellcasting
  7766 | D:7      | Reached skill level 5 in Fire Magic
  7777 | D:7      | Identified the +6 long sword of Lusmed {venom, Stlth+} (You
                  | found it on level 7 of the Dungeon)
  7885 | D:7      | Got a jade-studded leather armour
  7886 | D:7      | Identified the +1 leather armour of the Butterfly {*Contam
                  | rElec rN+} (You found it on level 7 of the Dungeon)
  8064 | D:7      | Reached XP level 9. HP: 44/62 MP: 13/19
  8156 | D:7      | Slain by an orc warrior

Vault maps used:
D:1:      eino_arrival_cavern_b, due_unseen_surprise
D:2:      grunt_temple_overflow_order_and_chaos_2, lemuel_round_altar,
          first_ration, uniq_crazy_yiuf_cottage
D:3:      old_standard_altar, tso_altar, uniq_terence
D:4:      okawaru_trees_2, lemuel_blue_sif_altar, nicolae_zen_rock_garden,
          uniq_natasha
D:5:      minmay_temple_entry_junction, uniq_eustachio
D:7:      nicolae_overflow_crystal_walls, xom_teletrap_fun, grunt_ogre_cave
Temple:   minmay_temple_curvy_loop

Skill      XL: |  1  2  3  4  5  6  7  8 |
---------------+-------------------------+-----
Spellcasting   | 3 4 5 6 7 |  7.0
Fire Magic     | 3 4 5 |  5.0
Conjurations   | 1 2 3 4 |  4.2
Dodging        | 2 |  2.9
Stealth        | 2 |  2.6
Staves         | 1 2 4 |  4.0
Fighting       | 1 2 |  2.9
Long Blades    | |  0.5
Unarmed Combat | |  0.6

Action                   |  1- 3 |  4- 6 |  7- 9 || total
-------------------------+-------+-------+-------++-------
Melee: Unarmed           |    61 |       |       ||    61
       Quarterstaff      |       |    69 |   152 ||   221
       Long sword        |       |       |     7 ||     7
 Cast: Flame Tongue      |    78 |    60 |    63 ||   201
       Throw Flame       |       |    30 |    46 ||    76
       Conjure Flame     |       |     8 |     5 ||    13
  Use: Scroll            |       |       |    12 ||    12
 Stab: Sleeping          |       |     1 |       ||     1
       Paralysed         |       |       |     1 ||     1
Armor: Robe              |    17 |    18 |    21 ||    56
Dodge: Dodged            |    73 |    34 |    99 ||   206

Table legend:
 A = Non-vault XP
 B = Vault XP
 C = Vault XP percentage of total XP
 D = Non-vault monster count
 E = Vault monster count
 F = Vault count percentage of total count
                 A         B        C        D         E       F
            +---------+---------+-------+---------+---------+-------
      Total |    2537 |     299 |  10.5 |     143 |       4 |   2.7
            +---------+---------+-------+---------+---------+-------
        D:1 |      38 |       0 |   0.0 |      25 |       0 |   0.0
        D:2 |      81 |      40 |  33.1 |      24 |       1 |   4.0
        D:3 |      93 |      32 |  25.6 |      22 |       1 |   4.3
        D:4 |     243 |      36 |  12.9 |       8 |       1 |  11.1
        D:5 |     890 |     191 |  17.7 |      26 |       1 |   3.7
        D:6 |     434 |       0 |   0.0 |      18 |       0 |   0.0
        D:7 |     758 |       0 |   0.0 |      20 |       0 |   0.0
            +---------+---------+-------+---------+---------+-------
